 Dungeon Crawl Stone Soup version 0.29.0-5-ge4962eb29e (webtiles) character file.

Game seed: 16533514858919718806

493 edwardauron the Digger (level 6, -2/50 HPs)
             Began as a Demigod Earth Elementalist on Aug 29, 2022.
             Slain by Duvessa
             ... wielding a +0 short sword
              (9 damage)
             ... on level 5 of the Dungeon.
             The game lasted 00:06:07 (3702 turns).

edwardauron the Digger (Demigod Earth Elementalist) Turns: 3702, Time: 00:06:08

Health: -2/50      AC:  4    Str:  9    XL:     6   Next: 60%
Magic:  4/14       EV: 13    Int: 29    God:
Gold:   214        SH:  0    Dex: 14    Spells: 10/11 levels left

rFire   . . .      SeeInvis .   a - +0 quarterstaff
rCold   . . .      Faith    .   (shield currently unavailable)
rNeg    . . .      Spirit   .   l - +1 robe of the Countless Planets {Rampage Drain +Blink Int+4}
rPois   .          Reflect  .   s - +0 helmet
rElec   .          Harm     .   (no cloak)
rCorr   .          Rampage  +   (no gloves)
Will    .....                   (no boots)
Stlth   ++........              e - amulet of the acrobat
HPRegen 0.16/turn               (no ring)
MPRegen 0.14/turn               (no ring)

@: mighty, attractive, flying
A: high MP 1, forlorn, divine attributes
a: Evoke Blink


You were on level 5 of the Dungeon.
You visited 1 branch of the dungeon, and saw 5 of its levels.

You collected 214 gold pieces.

Inventory:

Hand Weapons
 a - a +0 quarterstaff (weapon)
 r - a +0 mace
Missiles
 f - 3 javelins
 g - 2 throwing nets
Armour
 l - the +1 robe of the Countless Planets (worn) {Rampage Drain +Blink Int+4}
   (You found it on level 2 of the Dungeon)

   Int:       It affects your intelligence (+4).
   +Blink:    It lets you blink.
   Drain:     It drains your maximum health when unequipped.
   Rampage:   It bestows one free step when moving towards enemies.
 s - a +0 helmet (worn)
Jewellery
 e - an amulet of the acrobat (around neck)
Scrolls
 c - a scroll of vulnerability
 q - 3 scrolls of teleportation
 t - a scroll of blinking
Potions
 b - a potion of magic
 d - a potion of resistance
 h - 2 potions of ambrosia
 i - a potion of berserk rage
 k - a potion of flight
 n - 2 potions of might
 o - a potion of degeneration {unknown}
 p - a potion of haste {unknown}


   Skills:
 + Level 2.7 Fighting
 + Level 3.4 Dodging
 - Level 1.7 Stealth
 + Level 3.3 Spellcasting
 - Level 0.8 Transmutations
 + Level 4.0 Earth Magic
 + Level 2.1 Evocations


You had 10 spell levels left.
You knew the following spells:

 Your Spells              Type           Power      Damage    Failure   Level
a - Sandblast             Erth           56%        2d13      1%          1

Your spell library contained the following spells:

 Spells                   Type           Power      Damage    Failure   Level
 Passwall                 Tmut/Erth      15%        N/A       4%          2
 Stone Arrow              Conj/Erth      32%        3d9       10%         3
 Petrify                  Tmut/Erth      19%        N/A       26%         4
 Airstrike                Air            2%         2d(1-17)  58%         4
 Summon Lightning Spire   Summ/Air       4%         N/A       58%         4
 Lightning Bolt           Conj/Air       2%         1d13      91%         5


Dungeon Overview and Level Annotations

Branches:
Dungeon (5/15)
 Temple: D:4-7

Shops:
D:1 :

Annotations:
D:5 Dowan, Duvessa


Innate Abilities, Weirdness & Mutations

You have an increased reservoir of magic. (+10% MP)
You shall have no god before yourself.
Your divine heritage dramatically boosts your attributes as you level up.


Message History

Duvessa hits you with a +0 short sword. Duvessa hits you with a +0 short sword!
Okay, then.
Casting: Sandblast (safe; 1% risk of failure)
Confirm with . or Enter, or press ? or * to list all spells.
Aiming: Sandblast (safe; 1% risk of failure)
Press: ? - help, Shift-Dir - straight line, f/p - Duvessa
Aim: Duvessa, wielding a +0 short sword and wearing a +0 leather armour (heavily wounded, fast, 85% to hit)
The blast of sand misses Duvessa.
The blast of sand hits the worm.
The worm is moderately wounded.
Duvessa closely misses you. Duvessa hits you but does no damage.
Casting: Sandblast (safe; 1% risk of failure)
Confirm with . or Enter, or press ? or * to list all spells.
Aiming: Sandblast (safe; 1% risk of failure)
Press: ? - help, Shift-Dir - straight line, f/p - Duvessa
Aim: Duvessa, wielding a +0 short sword and wearing a +0 leather armour (heavily wounded, fast, 85% to hit)
The blast of sand hits Duvessa.
Duvessa is severely wounded.
Duvessa hits you with a +0 short sword. Duvessa closely misses you.
Casting: Sandblast (safe; 1% risk of failure)
Confirm with . or Enter, or press ? or * to list all spells.
Aiming: Sandblast (safe; 1% risk of failure)
Press: ? - help, Shift-Dir - straight line, f/p - Duvessa
Aim: Duvessa, wielding a +0 short sword and wearing a +0 leather armour (severely wounded, fast, 85% to hit)
The blast of sand hits Duvessa but does no damage.
Duvessa is severely wounded.
Duvessa misses you. x2
Casting: Sandblast (safe; 1% risk of failure)
Confirm with . or Enter, or press ? or * to list all spells.
Aiming: Sandblast (safe; 1% risk of failure)
Press: ? - help, Shift-Dir - straight line, f/p - Duvessa
Aim: Duvessa, wielding a +0 short sword and wearing a +0 leather armour (severely wounded, fast, 85% to hit)
The blast of sand hits Duvessa but does no damage.
Duvessa is severely wounded.
Duvessa closely misses you. Duvessa hits you with a +0 short sword!
* * * LOW HITPOINT WARNING * * *
Duvessa completely misses you.
It was a potion of might.
You feel very mighty all of a sudden. Duvessa hits you with a +0 short sword!
You die...

.............>.#.####...#.
...........###.#.# #.#.#.
......w........#.# #.#.#.
......e....#####.# #.#.#.
..e.n....e.# .. #.#.#.
....#####n## ## #.#.#. ...
#w# #.#... .. #e# #..... .
#@# #..... #.# #.#... #.#
#.#.#) #.# #.#.#. #.#
#.#.## #.# #.#.# #.# #.#.#
#.# #.# #.#


You could see Duvessa (fast), a necrophage, Dowan and a worm.

Vanquished Creatures
  A water moccasin (D:5)
  A scorpion (D:4)
  2 hounds
  A jelly (D:2)
  2 iguanas
  7 adders
  A worm (D:3)
  5 dart slugs
  8 orcs
  9 ball pythons
  11 endoplasms
  4 giant cockroaches
  6 goblins
  14 hobgoblins
  11 kobolds
  3 quokkas
  8 bats
  3 frilled lizards
  4 rats
101 creatures vanquished.

Vanquished Creatures (others)
  4 fungi (D:2)
  A plant (D:3)
  7 toadstools (D:2)
12 creatures vanquished.

Grand Total: 113 creatures vanquished

Notes
Turn   | Place    | Note
-------+----------+-------------------------------------------
     0 | D:1      | edwardauron the Demigod Earth Elementalist began the quest
                  | for the Orb.
     0 | D:1      | Reached XP level 1. HP: 14/14 MP: 5/5
   220 | D:1      | Reached XP level 2. HP: 10/22 MP: 0/7
   597 | D:1      | Reached skill level 1 in Fighting
   662 | D:1      | Found Xuqouhem's Book Shop.
   686 | D:1      | Reached skill level 3 in Earth Magic
   968 | D:2      | Reached XP level 3. HP: 28/28 MP: 3/8
  1338 | D:2      | HP: 1/28 [frozen (5)]
  1641 | D:2      | Reached XP level 4. HP: 31/35 MP: 8/10
  1816 | D:2      | Identified the +1 robe of the Countless Planets {Rampage
                  | Drain +Blink Int+4}
  2348 | D:3      | Reached XP level 5. HP: 33/41 MP: 3/12
  2725 | D:3      | Reached skill level 1 in Evocations
  3498 | D:4      | Reached XP level 6. HP: 49/49 MP: 10/13
  3579 | D:5      | Entered Level 5 of the Dungeon
  3680 | D:5      | Noticed Duvessa
  3680 | D:5      | Noticed a water moccasin
  3680 | D:5      | Noticed Dowan
  3690 | D:5      | Killed a water moccasin
  3691 | D:5      | Reached skill level 4 in Earth Magic
  3696 | D:5      | HP: 1/50 [Duvessa/+0 short sword (4)]
  3702 | D:5      | Slain by Duvessa

Illustrated notes

Levels and vault maps discovered:
D:1:      dpeg_arrival_tiny_k, layout_rooms, serial_shops,
          nicolae_shop_advertising_works [nicolae_subvault_shop_adworks]
D:2:      cheibrodos_fertilizer, layout_basic
D:3:      layout_rooms, shapermc_ecumenical_altar_flowoftime
D:4:      layout_basic, kennysheep_slug_shrine
D:5:      layout_basic, nicolae_sif_muna_condensation, tgw_kikubaaqudgha,
          uniq_duvessa, uniq_pikel, uniq_crazy_yiuf_cottage, uniq_sigmund

Skill      XL: |  1  2  3  4  5  6 |
---------------+-------------------+-----
Dodging        | 2 3 |  3.4
Spellcasting   | 2 3 |  3.3
Fighting       | 1 2 |  2.7
Earth Magic    | 3 4 |  4.0
Evocations     | 1 2 |  2.1
Stealth        | |  1.7
Transmutations | |  0.8

Action                   |  1- 3 |  4- 6 || total
-------------------------+-------+-------++-------
Melee: Short sword       |     7 |     1 ||     8
       Quarterstaff      |       |     5 ||     5
 Cast: Sandblast         |    58 |    92 ||   150
  Use: Scroll            |     2 |     8 ||    10
       Potion            |       |     4 ||     4
 Stab: Sleeping          |       |     1 ||     1
Armor: Robe              |     4 |     7 ||    11
Dodge: Dodged            |    35 |    41 ||    76
